[Event "*** Titled Tuesday Blitz"]
[Site "Chess.com"]
[Date "2021.04.06"]
[Round "2"]
[White "ApoIogiA"]
[Black "Hongjin"]
[Result "0-1"]
[WhiteElo "2197"]
[BlackElo "2427"]
[TimeControl "180+1"]
[EndTime "10:18:45 PDT"]
[Termination "Hongjin won by resignation"]

1. d4 Nf6 2. c4 e6 3. Nc3 Bb4 4. f3 O-O 5. e4 c5 6. d5 b5 7. cxb5 exd5 8. exd5 Bb7 9. Bc4 d6 10. Ne2 Nbd7 11. O-O Ne5 12. Bb3 c4 13. Bc2 Re8 14. Be3 Nd3 15. Bxd3 cxd3 16. Qxd3 Qa5 17. Bd4 Nd7 18. Rfe1 Ne5 19. Qf5 Rac8 20. a3 Bc5 21. Bxc5 dxc5 22. Nf4 Ng6 23. d6 Rcd8 24. d7 Rf8 25.
Rad1 Qb6 26. a4 a6 27. Nfd5 Bxd5 28. Nxd5 Qa5 29. bxa6 Qxa6 30. Ne7+ Nxe7 31. Rxe7 Qxa4 32. Qd5 Qb4 33. h4 Qxb2 34. h5 Qf6 35. g4 Qxe7 36.
Qd6 Qxd6 37. Rxd6 f6 38. h6 gxh6 39. Kg2 Kf7 40. Kg3 Ke7 41. Rd5 Rxd7 42. Rxc5 Rfd8 0-1

[Event "*** Titled Tuesday Blitz"]
[Site "Chess.com"]
[Date "2021.04.06"]
[Round "2"]
[White "Sanan_Sjugirov"]
[Black "Isajevsky_Anton"]
[Result "1-0"]
[WhiteElo "2860"]
[BlackElo "2547"]
[TimeControl "180+1"]
[EndTime "10:18:46 PDT"]
[Termination "Sanan_Sjugirov won on time"]

1. e4 c5 2. Nf3 d6 3. d4 cxd4 4. Qxd4 e5 5. Bb5+ Nd7 6. Qd3 a6 7. Bxd7+ Bxd7 8. c4 b5 9. Na3 Qb6 10. O-O Be7 11. Be3 Qb7 12. cxb5 axb5 13. Nc2 Nf6 14. Nd2 b4 15. Rfe1 Bb5 16. Qb3 d5 17.
Bg5 Ba4 18. Qd3 dxe4 19. Nxe4 Rd8 20. Qf3 Nxe4 21. Bxe7 Qxe7 22. Qxe4 Bxc2 23. Qc6+ Rd7 24. Qc8+ Rd8 25. Qxc2 O-O 26. Qc4 Rc8 27. Qd5 Rc5 28. Qe4 Ra5 29. Qc4 Rfa8 30. g3 Kh8 31. Re4 f6 32.
Qxb4 Qxb4 33. Rxb4 h5 34. a3 Kh7 35. h4 Kg6 36.
Rc1 Rb5 37. Rxb5 1-0

[Event "*** Titled Tuesday Blitz"]
[Site "Chess.com"]
[Date "2021.04.06"]
[Round "2"]
[White "nochewycandy"]
[Black "stepakyedael"]
[Result "1-0"]
[WhiteElo "2612"]
[BlackElo "2282"]
[TimeControl "180+1"]
[EndTime "10:18:46 PDT"]
[Termination "nochewycandy won on time"]

1. c4 Nf6 2. g3 g6 3. Bg2 Bg7 4. Nc3 O-O 5. d4 d6 6. Nf3 Nc6 7. O-O Bf5 8. Nh4 Bd7 9. d5 Na5 10. Qd3 c5 11. dxc6 Nxc6 12. Nf3 Rc8 13. b3 Bf5 14. Qe3 Ng4 15. Qd2 Qa5 16. Bb2 Rfd8 17.
Rfd1 a6 18. Rac1 Qb6 19. Nd5 Qxf2+ 20. Kh1 Bxb2 21. Qxb2 Qc5 22. h3 Ne3 23. Nxe3 Qxe3 24. Rc3 Qc5 25. Qd2 b5 26. Qh6 f6 27. Nh4 Nd4 28. Re3 Re8 29. g4 Bc2 30. Rf1 Qg5 31.
Qxg5 fxg5 32. Nf3 Nxf3 33. Bxf3 e5 34. Bd5+ Kg7 35. Rf7+ Kh6 36. Ref3 bxc4 37. bxc4 e4 38. R3f6 Re5 39. Rd7 Rh8 40. Rdxd6 e3 41. Kg2 Be4+ 42. Bxe4 Rxe4 43. c5 Rc4 44. c6 Rc2 45. Kf3 Rxa2 46. c7 Rc8 47. Rd7 1-0

[Event "*** Titled Tuesday Blitz"]
[Site "Chess.com"]
[Date "2021.04.06"]
[Round "2"]
[White "googlegoom"]
[Black "Vandros57"]
[Result "1-0"]
[WhiteElo "2437"]
[BlackElo "2205"]
[TimeControl "180+1"]
[EndTime "10:18:46 PDT"]
[Termination "googlegoom won on time"]

1. Nf3 Nf6 2. b3 d5 3. Bb2 Bg4 4. e3 Nc6 5. d4 e6 6. Be2 Bd6 7.
Nbd2 Ne7 8. c4 c6 9. a3 O-O 10. b4 a6 11. Nb3 Ng6 12. Nc5 Qc7 13. h3 Bxf3 14. gxf3 b6 15. Nb3 e5 16. Rc1 Qe7 17. h4 h5 18. Kf1 exd4 19. Nxd4 Rac8 20. Nf5 Qd7 21. Nxd6 Qxd6 22. cxd5 cxd5 23. Rxc8 Rxc8 24.
Bxa6 Rc7 25. Bd3 Ne5 26. Kg2 Nc4 27. Bxc4 Rxc4 28. Bxf6 Qxf6 29. Qxd5 Rxh4 30. Rxh4 Qxh4 31. Qa8+ Kh7 32. Qe4+ Qxe4 33. fxe4 Kg6 34. a4 Kf6 35. Kg3 Ke5 36. a5 bxa5 37. bxa5 Kd6 38. Kh4 g6 39. e5+ Kc6 40. f4 Kb5 41. f5 gxf5 42. Kxh5 Kxa5 43.
Kg5 Kb5 44. Kh5 Kc6 45. Kg5 Kd7 46. Kf6 Kc6 47. Kxf7 1-0

[Event "*** Titled Tuesday Blitz"]
[Site "Chess.com"]
[Date "2021.04.06"]
[Round "2"]
[White "federicosellitti"]
[Black "Onischuk_V"]
[Result "1-0"]
[WhiteElo "2568"]
[BlackElo "2858"]
[TimeControl "180+1"]
[EndTime "10:18:47 PDT"]
[Termination "federicosellitti won on time"]

1. e4 d6 2. Nc3 Nf6 3. g3 g6 4. Bg2 Bg7 5. d3 O-O 6. h3 c5 7. Be3 Nc6 8. Qd2 Rb8 9. Bh6 b5 10.
Bxg7 Kxg7 11. f4 e5 12. Nf3 exf4 13. gxf4 b4 14. Ne2 d5 15. e5 Nh5 16. O-O Ne7 17.
Nh4 Nf5 18. Nxf5+ Bxf5 19. Qe1 f6 20. Ng3 Nxg3 21. Qxg3 c4 22. dxc4 dxc4 23. Rad1 Qb6+ 24. Kh2 Rbd8 25. c3 Rd3 26. Qh4 bxc3 27. bxc3 Qd8 28. Rb1 Rd7 29. Rb4 fxe5 30. Qxd8 Rfxd8 31. fxe5 Rd2 32. Kg1 Rxa2 33. Rxc4 Rdd2 34. Bf3 Kh6 35. Rd4 a5 36. Rxd2 Rxd2 37. Rf2 Rd3 38. c4 a4 39. Bd5 a3 40. Ra2 Rc3 41. e6 Kg7 42. e7 1-0

[Event "*** Titled Tuesday Blitz"]
[Site "Chess.com"]
[Date "2021.04.06"]
[Round "2"]
[White "krasavetc"]
[Black "elextranjero00"]
[Result "1-0"]
[WhiteElo "2345"]
[BlackElo "2581"]
[TimeControl "180+1"]
[EndTime "10:18:47 PDT"]
[Termination "krasavetc won by resignation"]

1. e4 c6 2. d4 d5 3. Nc3 dxe4 4.
Nxe4 Nf6 5. Nxf6+ exf6 6. c3 Bd6 7. Bd3 O-O 8. Ne2 Re8 9. O-O Nd7 10. Bf4 Nf8 11. Qd2 Ng6 12. Bxd6 Qxd6 13. Rfe1 Bd7 14. Bxg6 hxg6 15. Nf4 g5 16. Nd3 Bf5 17. h3 g6 18.
Rxe8+ Rxe8 19. Re1 Rd8 20. Qe3 b6 21. Nc1 Be6 22. b3 Kg7 23. Ne2 g4 24. hxg4 Bxg4 25. Ng3 Be6 26. Ne4 Qe7 27. f3 Rh8 28. Kf2 Qc7 29.
c4 Bf5 30. Ng3 Be6 31. Qe4 Qd6 32. Rd1 Rd8 33. Qh4 Rh8 34. Ne4 Qe7 35. Qf4 g5 36.
Qe3 Bf5 37. Ng3 Qxe3+ 38. Kxe3 Be6 39. d5 cxd5 40. cxd5 Bd7 41. Rc1 Re8+ 42. Kd4 f5 43. Rc7 Rd8 44. Ke5 f4 45. Ne4 Re8+ 46. Kd4 Bf5 47.
Nd6 Rd8 48. Nxf5+ 1-0

[Event "*** Titled Tuesday Blitz"]
[Site "Chess.com"]
[Date "2021.04.06"]
[Round "2"]
[White "ecwinslow"]
[Black "InitiatingASC"]
[Result "1/2-1/2"]
[WhiteElo "2208"]
[BlackElo "2424"]
[TimeControl "180+1"]
[EndTime "10:18:47 PDT"]
[Termination "Game drawn by agreement"]

1. e4 e5 2. Nf3 Nf6 3. Nxe5 d6 4. Nf3 Nxe4 5. d4 d5 6. Bd3 Be7 7. O-O O-O 8. c4 c6 9. Nc3 Nxc3 10. bxc3 Be6 11.
cxd5 Bxd5 12. Bf4 Nd7 13. Re1 Re8 14. c4 Be6 15. Qc2 Nf8 16. Rad1 Qa5 17. Re5 Qd8 18. h3 Bf6 19. Re4 Qa5 20. Be5 Bxe5 21. Rxe5 Qc7 22.
Rde1 Red8 23. Ng5 h6 24. Nxe6 Nxe6 25. d5 cxd5 26. cxd5 Qxc2 27. Bxc2 Nc5 28. d6 Ne6 29. Rd1 Rac8 30. Bb3 Nc5 31. Re7 Nxb3 32. axb3 Rc6 33. Rxb7 a6 34. d7 Kf8 35. b4 Re6 36. b5 axb5 37. Rxb5 Ke7 38. Rbd5 Rc6 39. g3 Rc7 40. Kg2 Rcxd7 41. Rxd7+ Rxd7 42. Rxd7+ Kxd7 43. Kf3 Ke6 44. Ke4 f5+ 45. Kd4 Kd6 46. f4 g6 47. g4 fxg4 48. hxg4 h5 49. gxh5 gxh5 50. Ke4 Ke6 51. f5+ Kf6 52.
Kf4 h4 1/2-1/2

[Event "*** Titled Tuesday Blitz"]
[Site "Chess.com"]
[Date "2021.04.06"]
[Round "2"]
[White "Chessbard1972"]
[Black "bilelou"]
[Result "0-1"]
[WhiteElo "2334"]
[BlackElo "2560"]
[TimeControl "180+1"]
[EndTime "10:18:48 PDT"]
[Termination "bilelou won by checkmate"]

1. e4 c5 2. Nf3 e6 3. d4 cxd4 4. Nxd4 Nf6 5. Bd3 d6 6. c4 Be7 7. Nc3 O-O 8. O-O b6 9. Be3 Bb7 10. f3 Nbd7 11. Qd2 a6 12. Rfc1 Qc7 13. a4 Rfd8 14.
a5 bxa5 15. Nb3 Rab8 16. Nxa5 Ba8 17. b4 d5 18. exd5 Bxb4 19. Nb3 exd5 20. Bf4 Qa7+ 21. Be3 Nc5 22. Nxc5 Bxc5 23. Bxc5 Qxc5+ 24. Qf2 Qxf2+ 25. Kxf2 Rb2+ 26. Kg1 d4 27. Ne2 Nd7 28. Rd1 Nc5 29. Nxd4 Rxd4 30. Bxh7+ Kxh7 31. Rxd4 g5 32. h4 Nb3 33.
Rxa6 Nxd4 34. Rxa8 gxh4 35. Rd8 Ne2+ 36. Kh2 Nf4 37. Rd4 Nxg2 38. Kh3 f5 39. c5 Kg6 40. f4 Ne3 41. Rd6+ Kh5 42. Rd3 Nf1 43. Rd2 Rxd2 44. c6 Rh2# 0-1

[Event "*** Titled Tuesday Blitz"]
[Site "Chess.com"]
[Date "2021.04.06"]
[Round "2"]
[White "JiiHart"]
[Black "ega2006"]
[Result "0-1"]
[WhiteElo "2053"]
[BlackElo "2387"]
[TimeControl "180+1"]
[EndTime "10:18:48 PDT"]
[Termination "ega2006 won on time"]

1. e4 c5 2. Nf3 Nc6 3. d4 cxd4 4. Nxd4 g6 5. c4 Bg7 6. Be3 Nf6 7. Nc3 O-O 8. Be2 d6 9. O-O Bd7 10. Qd2 Nxd4 11. Bxd4 Bc6 12. Bd3 a5 13. Rfe1 Nd7 14. Bxg7 Kxg7 15. Re3 Qb6 16. Rh3 h5 17. Nd5 Bxd5 18.
Qc3+ e5 19. exd5 f5 20. Rf1 Nf6 21. Kh1 e4 22. Bc2 Rae8 23. Re3 Kg8 24. Rfe1 Ng4 25. Kg1 Nxf2 26. Kxf2 f4 27. Kg1 fxe3 28. Rxe3 Rf4 29. h3 Qc5 30. Kh2 Kh7 31. Qe1 Qd4 32. Qg3 Qe5 33.
Ba4 Re7 34. a3 Rf2 35. b4 axb4 36. axb4 Rb2 37. Qxe5 Rxe5 38. b5 b6 39. Bd1 h4 40.
Bg4 Kh6 0-1

[Event "*** Titled Tuesday Blitz"]
[Site "Chess.com"]
[Date "2021.04.06"]
[Round "2"]
[White "tjychess"]
[Black "Eloist"]
[Result "1-0"]
[WhiteElo "2628"]
[BlackElo "2356"]
[TimeControl "180+1"]
[EndTime "10:18:49 PDT"]
[Termination "tjychess won by checkmate"]

1. d4 e6 2. Nf3 Nf6 3. c4 b6 4. g3 Bb7 5. Bg2 Be7 6. O-O O-O 7. Nc3 Ne4 8. Qc2 Nxc3 9. Qxc3 f5 10. b3 d6 11. Bb2 Bf6 12. Qd2 Qd7 13. Rac1 a5 14. a3 Be4 15. Rfd1 Na6 16. b4 axb4 17. axb4 b5 18. c5 Nb8 19. Qe3 Nc6 20. Ne5 Bxe5 21.
Bxe4 fxe4 22. dxe5 d5 23. Qxe4 Qf7 24. Qe3 Nxb4 25. c6 Ra6 26. f3 Nxc6 27. Rc5 Na5 28. Rxb5 Nc4 29. Qd4 c5 30. Qxc5 Ra2 31. Qd4 Qf5 32.
Ra1 Rxa1+ 33. Bxa1 Ra8 34. Bc3 Qc2 35. Qd3 Qc1+ 36.
Kg2 Ra2 37. Rb8+ Kf7 38. Qxh7 Ne3+ 39. Kh3 Qf1+ 40. Kh4 Nf5+ 41. Kg5 Qc1+ 42. f4 Qxc3 43. Qg8+ Ke7 44. Qe8# 1-0

[Event "*** Titled Tuesday Blitz"]
[Site "Chess.com"]
[Date "2021.04.06"]
[Round "2"]
[White "secretsuperstar7"]
[Black "Kaua18"]
[Result "1-0"]
[WhiteElo "2205"]
[BlackElo "2408"]
[TimeControl "180+1"]
[EndTime "10:18:49 PDT"]
[Termination "secretsuperstar7 won on time"]

1. d4 Nf6 2. c4 e6 3. Nc3 Bb4 4. e3 O-O 5. Nf3 d5 6. a3 Bxc3+ 7.
bxc3 c5 8. Bd3 Nc6 9. O-O dxc4 10. Bxc4 Qc7 11. a4 e5 12. Ba3 b6 13. Bb5 Bb7 14.
dxc5 Rfd8 15. cxb6 axb6 16. Qe2 Na5 17. Rad1 Qxc3 18.
Rxd8+ Rxd8 19. Be7 Rc8 20. Bxf6 gxf6 21. Nh4 Be4 22. Qg4+ Bg6 23. Nf5 Rd8 24. Ne7+ Kf8 25. Nxg6+ hxg6 26. h4 Qc8 27. Qb4+ Qc5 28. Qg4 Kg7 29.
h5 Rh8 30. hxg6 fxg6 31. Qd7+ Kh6 32. Qh3+ Kg7 33. Qd7+ Kg8 34. Rd1 Rh7 35. Qe6+ Kg7 36. Rd7+ Kh8 37. Qe8+ Qf8 38. Qe6 1-0

[Event "*** Titled Tuesday Blitz"]
[Site "Chess.com"]
[Date "2021.04.06"]
[Round "2"]
[White "Tsyhanchuk_Stanislav"]
[Black "Borsuk_Konstantin"]
[Result "0-1"]
[WhiteElo "2474"]
[BlackElo "2680"]
[TimeControl "180+1"]
[EndTime "10:18:50 PDT"]
[Termination "Borsuk_Konstantin won on time"]

1. e4 e6 2. d4 d5 3. Nc3 Bb4 4. e5 b6 5. a3 Bf8 6. Nh3 Ne7 7. Nf4 g6 8. h4 h5 9. g4 hxg4 10. Qxg4 Nf5 11. Nxg6 fxg6 12. Qxg6+ Kd7 13. Nxd5 c6 14.
Bg5 Be7 15. Nxe7 Nxe7 16. Qg7 Qf8 17. Qxf8 Rxf8 18. h5 Ba6 19. Bg2 Nf5 20. h6 Kc7 21.
h7 Nd7 22. O-O-O Bc4 23. Rh2 Bd5 24. Bxd5 cxd5 25. Rdh1 Rh8 26. c3 Raf8 27. f4 Rf7 28. b3 Nf8 29. Rg1 Rfxh7 30. Re2 Rh1 31. Ree1 Rxg1 32.
Rxg1 Nd7 33. a4 Kc6 34. Kb2 Rh2+ 35. Ka3 Rc2 36. Bf6 Rxc3 37. Rg8 Kc7 38. Re8 Nxd4 39. Rxe6 Nxe6 40. Be7 Nxf4 41. Bd6+ Kc6 42. e6 Nxe6 0-1

[Event "*** Titled Tuesday Blitz"]
[Site "Chess.com"]
[Date "2021.04.06"]
[Round "2"]
[White "Xeniya2005"]
[Black "pastouche06"]
[Result "0-1"]
[WhiteElo "2323"]
[BlackElo "2603"]
[TimeControl "180+1"]
[EndTime "10:18:50 PDT"]
[Termination "pastouche06 won on time"]

1. e4 c6 2. d4 d5 3. Nd2 dxe4 4.
Nxe4 Nf6 5. Nxf6+ exf6 6. c3 Bd6 7. Bd3 O-O 8. Ne2 Re8 9. Be3 Nd7 10. Qc2 Nf8 11.
O-O-O Be6 12. Kb1 b5 13. Qd2 a5 14. h4 a4 15. Rhe1 Qd7 16. f3 Bf5 17. g4 Bxd3+ 18. Qxd3 Re7 19. Bf2 Rae8 20. Ng3 Bxg3 21. Bxg3 Qd5 22.
Rxe7 Rxe7 23. Re1 Rxe1+ 24. Bxe1 Ne6 25. Qe4 Qc4 26. f4 g6 27. f5 Nc7 28. h5 gxh5 29.
gxh5 Kg7 30. Bd2 Qf1+ 31. Kc2 Nd5 32. h6+ Kf8 33. Qg4 Ke7 34. Qe4+ Kd7 35. Qg4 Qf2 36.
Qe4 Qh2 37. Kd3 Qg3+ 0-1

[Event "*** Titled Tuesday Blitz"]
[Site "Chess.com"]
[Date "2021.04.06"]
[Round "2"]
[White "Horizonevent"]
[Black "Fortitudine"]
[Result "0-1"]
[WhiteElo "2492"]
[BlackElo "2284"]
[TimeControl "180+1"]
[EndTime "10:18:50 PDT"]
[Termination "Fortitudine won on time"]

1. Nc3 c5 2. e4 e6 3. Nf3 a6 4. d4 cxd4 5. Nxd4 Qc7 6. g3 b5 7.
Bg2 Bb7 8. a3 d6 9. O-O Nf6 10.
Re1 Nbd7 11. Bg5 Be7 12. a4 b4 13. Nd5 exd5 14. exd5 Ne5 15. f4 O-O 16. fxe5 dxe5 17. Nf5 Bc5+ 18. Kh1 Qd7 19. Nh6+ Kh8 20. Bxf6 gxf6 21.
Qf3 Be7 22. Rad1 Bd8 23. Qh5 Rc8 24. Be4 Rc4 25. Qf5 Qxf5 26. Nxf5 Bc7 27. Kg2 Rd8 28. Kf3 b3 29. cxb3 Rb4 30. Re3 Bb6 31. Rc3 Bd4 32.
Nxd4 exd4 33. Rcd3 Bxd5 34. Rxd4 Bxe4+ 35. Kxe4 Rdxd4+ 36. Rxd4 Rxb3 37. Kf5 Kg7 38. Rg4+ Kf8 0-1

[Event "*** Titled Tuesday Blitz"]
[Site "Chess.com"]
[Date "2021.04.06"]
[Round "2"]
[White "TengisChess"]
[Black "LiverpooL174"]
[Result "1-0"]
[WhiteElo "2499"]
[BlackElo "2674"]
[TimeControl "180+1"]
[EndTime "10:18:51 PDT"]
[Termination "TengisChess won by resignation"]

1. e4 c6 2. d4 d5 3. Nc3 dxe4 4. Nxe4 Bf5 5. Ng3 Bg6 6. h4 h6 7. h5 Bh7 8. Nf3 Nf6 9. Bd3 Bxd3 10. Qxd3 e6 11. Bf4 c5 12. O-O-O Nc6 13. Qb5 Qb6 14. Qa4 Nd5 15. Be5 f6 16. dxc5 Bxc5 17. Bd4 O-O 18.
Rhe1 Rfe8 19. Ne4 Bxd4 20. Nxd4 Nxd4 21. Qxd4 Qa6 22. Kb1 Rac8 23. Nc5 Qc6 24. c4 Nb6 25. Nd7 Rcd8 26. Nxf6+ gxf6 27. Qxf6 Rd7 28. Rxd7 Nxd7 29. Qg6+ Kf8 30. Qxh6+ Ke7 31. Qg5+ Kd6 32. Qg6 Re7 33. h6 Ne5 34. Qg3 Qc5 35. Qf4 Rf7 36. Qe4 Rxf2 37.
h7 Rf8 38. g4 b5 39. g5 bxc4 40. g6 c3 41. g7 Rb8 42. g8=Q Rxb2+ 43. Ka1 Rxa2+ 44. Kxa2 Qa5+ 45. Kb3 Qb5+ 46. Qb4+ Kc6 47. Qxb5+ Kxb5 48. Qxe6 Nc6 49. Qc4+ Kb6 50. Qxc3 Na5+ 51. Kc2 Nc6 52. Qxc6+ 1-0

[Event "*** Titled Tuesday Blitz"]
[Site "Chess.com"]
[Date "2021.04.06"]
[Round "2"]
[White "joejan"]
[Black "DrCeltic"]
[Result "1-0"]
[WhiteElo "2279"]
[BlackElo "2465"]
[TimeControl "180+1"]
[EndTime "10:18:52 PDT"]
[Termination "joejan won by resignation"]

1. e4 c5 2. Nc3 e6 3. f4 a6 4. Nf3 Nc6 5. d3 b5 6. g4 b4 7.
Ne2 d5 8. Ng3 Nf6 9. g5 Nd7 10.
h4 a5 11. Bh3 Qb6 12. Be3 a4 13.
a3 bxa3 14. bxa3 Qa5+ 15. Kf2 Be7 16. h5 Ba6 17. g6 hxg6 18. hxg6 fxg6 19. Bxe6 Rxh1 20.
Qxh1 O-O-O 21. Bxd5 Bb7 22. Bd2 Qc7 23. Qh3 Kb8 24.
Rb1 Ka8 25. Qe6 Nf8 26. Qf7 Bd6 27. Qxc7 Bxc7 28. c4 Nd7 29. e5 Nb6 30. Be4 Rb8 31.
Be3 Nd7 32. Bxg6 Ne7 33. Be4 Bxe4 34. Rxb8+ Kxb8 35. Nxe4 Nf5 36. Nfg5 Nf8 37. Bxc5 Ng6 38. Kf3 Nfh4+ 39. Kg4 Ng2 40. d4 Bd8 41. f5 Ne3+ 42.
Kh5 Nf4+ 43. Kh4 Nd3 44. f6 gxf6 45. exf6 Nf5+ 46. Kg4 Ne3+ 47. Kf3 Nf5 48. f7 Nh4+ 49. Ke3 Ng6 50. Kxd3 1-0

[Event "*** Titled Tuesday Blitz"]
[Site "Chess.com"]
[Date "2021.04.06"]
[Round "2"]
[White "grunbergmihai"]
[Black "Spencenzug"]
[Result "1/2-1/2"]
[WhiteElo "2465"]
[BlackElo "2256"]
[TimeControl "180+1"]
[EndTime "10:18:52 PDT"]
[Termination "Game drawn - insufficient material"]

1. e4 c5 2. Nf3 Nc6 3. g3 g6 4. Bg2 Bg7 5. O-O d6 6. c3 Nf6 7. Re1 O-O 8. d4 Bg4 9. Qd3 Bxf3 10. Bxf3 Nd7 11. Be3 Qb6 12. Nd2 cxd4 13. Nc4 Nce5 14. Nxb6 Nxd3 15. Nxd7 Nxe1 16. Rxe1 Rfd8 17. cxd4 Rxd7 18.
Rc1 e6 19. b3 d5 20. exd5 exd5 21. Rc5 b6 22. Rc6 Re8 23. a4 Bf8 24. h4 h5 25. Kf1 Kg7 26. Ke2 Bb4 27. Kd3 Be1 28. Bg2 Re6 29. Rc8 a6 30. Bh3 f5 31. Bg2 b5 32. axb5 axb5 33. Rb8 b4 34. Rb5 Red6 35.
Bf4 Rc6 36. Be5+ Kf7 37. Bxd5+ Rxd5 38. Rxd5 Rc3+ 39. Ke2 Rc1 40. Rd7+ Ke6 41. Rd6+ Ke7 42. Rxg6 Bc3 43. Rg5 Rb1 44. Rxf5 Rxb3 45. Rxh5 Rb1 46. d5 Re1+ 47. Kd3 Rxe5 48. Rxe5+ Bxe5 49. Kc4 Bd6 50. g4 Kf6 51. f4 Be7 52. h5 Bd6 53. h6 Kg6 54. g5 Bxf4 55. Kxb4 Bxg5 56. d6 Kxh6 57. Kc5 Kg6 58. Kc6 Kh6 59. d7 Kg6 60.
d8=Q Bxd8 1/2-1/2

[Event "*** Titled Tuesday Blitz"]
[Site "Chess.com"]
[Date "2021.04.06"]
[Round "2"]
[White "GMHess"]
[Black "GM_LOADING"]
[Result "0-1"]
[WhiteElo "2768"]
[BlackElo "2535"]
[TimeControl "180+1"]
[EndTime "10:18:54 PDT"]
[Termination "GM_LOADING won by checkmate"]

1. b3 Nf6 2. Bb2 d5 3. h3 c5 4. e3 Nc6 5. d3 g6 6. Nd2 Bg7 7.
Ne2 O-O 8. g4 e5 9. Bg2 Be6 10.
Ng3 a5 11. a4 h6 12. Nf3 Nd7 13. e4 d4 14. Nf5 gxf5 15. gxf5 Kh7 16. Qe2 Nb4 17.
fxe6 fxe6 18. h4 Qe7 19. Rh3 Qf7 20. O-O-O b5 21. axb5 a4 22. Nd2 a3 23. Ba1 Na2+ 24. Kb1 Nc3+ 25. Bxc3 dxc3 26. Nc4 Qxf2 27. Bf1 Qxe2 28.
Bxe2 Rf2 29. Re1 Bf6 30. Rf3 Rxf3 31. Bxf3 Bxh4 32. Rh1 a2+ 33. Ka1 Bg5 34. Bg4 Nf8 35.
b6 Kg7 36. Rf1 Ra6 37. b7 Nd7 38. Nxe5 Nb8 39. Rf7+ Kg8 40. Rc7 Bc1 41. Nc4 Bb2+ 42. Nxb2 cxb2+ 43. Kxb2 a1=Q# 0-1

[Event "*** Titled Tuesday Blitz"]
[Site "Chess.com"]
[Date "2021.04.06"]
[Round "2"]
[White "guillembaches"]
[Black "azikom"]
[Result "0-1"]
[WhiteElo "2486"]
[BlackElo "2698"]
[TimeControl "180+1"]
[EndTime "10:18:54 PDT"]
[Termination "azikom won on time"]

1. e4 c6 2. d4 d5 3. exd5 cxd5 4. Bd3 Nf6 5. h3 Nc6 6. c3 g6 7. Nf3 Bf5 8. Be2 Bg7 9. O-O O-O 10. Be3 a6 11. Nbd2 Rc8 12. Re1 Re8 13. Nf1 Ne4 14. Bf4 h6 15. Ne3 Be6 16. Bh2 f5 17. Nd2 Bf7 18. Bf1 e5 19. dxe5 Nxe5 20. Nb3 Qb6 21. Qe2 Nc4 22. Rad1 Nxf2 23. Qxf2 Nxe3 24. Bf4 Nc4 25.
Qxb6 Nxb6 26. Nd4 Na4 27. Rxe8+ Rxe8 28. Rd2 Re1 29. Kf2 Rb1 30. Nf3 Rxb2 31. Rxb2 Nxb2 32.
Ne5 Be8 33. h4 Na4 34. Ke3 Nxc3 35. Kd4 Nxa2 36. Kxd5 b5 37. Kc5 Nc3 38. Bd3 Ne4+ 39. Kb6 g5 40. hxg5 hxg5 41. Bh2 b4 42. Nf3 g4 43.
Ne1 b3 44. Kxa6 Nc5+ 0-1

[Event "*** Titled Tuesday Blitz"]
[Site "Chess.com"]
[Date "2021.04.06"]
[Round "2"]
[White "Meri-Arabidze"]
[Black "Alex-11211"]
[Result "1-0"]
[WhiteElo "2645"]
[BlackElo "2415"]
[TimeControl "180+1"]
[EndTime "10:18:54 PDT"]
[Termination "Meri-Arabidze won on time"]

1. Nf3 c5 2. d4 cxd4 3. g3 Nc6 4.
Nxd4 g6 5. Bg2 Bg7 6. Nb3 Nf6 7. Nc3 O-O 8. O-O d6 9. e4 a5 10. a4 Be6 11. Nd5 Rc8 12. c3 Ne5 13. Kh1 Nxd5 14.
exd5 Bf5 15. Nd4 Bd7 16. f4 Nc4 17. f5 Ne5 18. Bg5 h6 19. Bc1 Kh7 20. Be4 Rc5 21.
Bf4 b6 22. Qb1 Qe8 23. h4 Kg8 24. Kg2 gxf5 25. Bxf5 Rxd5 26. Bxd7 Qxd7 27. Nf5 Ng4 28. Ne3 Nxe3+ 29. Bxe3 Qg4 30. Qc2 Re5 31. Rf3 Qe4 32.
Qf2 Rf5 33. Rf1 Rb8 34. Qd2 b5 35. axb5 Rbxb5 36. g4 Rxf3 37. Rxf3 Kh7 38. g5 Rf5 39. Qf2 Rxf3 40. Qxf3 Qxf3+ 41. Kxf3 hxg5 42. hxg5 Kg6 43. Ke4 e6 44. Kd3 d5 45. b3 Bf8 46. Bb6 Kxg5 47.
Bxa5 f5 48. Bd8+ Kg4 49. b4 Bd6 50. b5 Kg3 51. b6 f4 52. Bc7 Bc5 53. b7 Ba7 54.
Ke2 1-0

[Event "*** Titled Tuesday Blitz"]
[Site "Chess.com"]
[Date "2021.04.06"]
[Round "2"]
[White "madamDD"]
[Black "Iskusnyh"]
[Result "0-1"]
[WhiteElo "2371"]
[BlackElo "2653"]
[TimeControl "180+1"]
[EndTime "10:18:54 PDT"]
[Termination "Iskusnyh won on time"]

1. e4 e6 2. d4 d5 3. Nc3 Nf6 4. Bg5 dxe4 5. Nxe4 Nbd7 6. Bd3 h6 7. Bxf6 Nxf6 8. Nf3 Bd6 9. Qe2 Qe7 10. O-O-O Bd7 11. Rhe1 O-O-O 12. Ne5 Kb8 13. Nxd6 cxd6 14. Nxd7+ Qxd7 15. Kb1 d5 16. Qe5+ Qc7 17. f3 Qxe5 18. dxe5 Nd7 19.
c4 dxc4 20. Bxc4 g5 21. g3 Nc5 22. b4 Na4 23. Kc2 a6 24. Kb3 b5 25. Bd3 Rd5 26.
Bc2 Rc8 27. Re3 Rxd1 28. Bxd1 Rc1 29. Rd3 Kc7 30. f4 gxf4 31. gxf4 Kb6 32. Bf3 Rf1 33.
a3 Rf2 34. Rd6+ Kc7 35. Rc6+ Kd7 36. Rc2 Rxf3+ 37. Ka2 Rxf4 38. Rd2+ Kc6 39. Rd6+ Kb7 40. Rd7+ Kc8 41. Ra7 Rf2+ 42. Ka1 Nc3 0-1

[Event "*** Titled Tuesday Blitz"]
[Site "Chess.com"]
[Date "2021.04.06"]
[Round "2"]
[White "SanchezKelvin"]
[Black "Arseniy_Nesterov"]
[Result "1-0"]
[WhiteElo "2536"]
[BlackElo "2768"]
[TimeControl "180+1"]
[EndTime "10:18:55 PDT"]
[Termination "SanchezKelvin won on time"]

1. e4 e5 2. Nf3 Nc6 3. Bc4 Bc5 4. c3 Nf6 5. d3 d6 6. a4 a5 7. Bg5 h6 8. Bh4 g5 9. Bg3 Qe7 10. Nbd2 Be6 11. Bxe6 fxe6 12. h4 g4 13. Nh2 h5 14.
Qe2 O-O-O 15. O-O-O d5 16. Rhe1 d4 17. Nc4 Nd7 18.
Kb1 Qf6 19. Nf1 Rhf8 20. Nfd2 dxc3 21. bxc3 Bxf2 22. Rf1 Bxg3 23. Rxf6 Rxf6 24. Rf1 Rdf8 25. Rxf6 Rxf6 26. Qe3 Bf4 27. Qe1 Nc5 28. g3 Bh6 29.
Kc2 Nxa4 30. Nb3 Rf3 31. Nbd2 Rf8 32. Qa1 Nc5 33. Nxa5 Nxa5 34. Qxa5 b6 35. Qa8+ Kd7 36. Qa1 Rf2 37. Qa8 Rxd2+ 38. Kb1 Rxd3 39. Qh8 Bd2 40. Qxe5 Bxc3 41. Qxh5 Rxg3 42. Qf7+ 1-0

[Event "*** Titled Tuesday Blitz"]
[Site "Chess.com"]
[Date "2021.04.06"]
[Round "2"]
[White "scandalgod"]
[Black "NTBT_DHS"]
[Result "0-1"]
[WhiteElo "2501"]
[BlackElo "2733"]
[TimeControl "180+1"]
[EndTime "10:18:55 PDT"]
[Termination "NTBT_DHS won on time"]

1. d4 Nf6 2. c4 g6 3. Nc3 Bg7 4.
e4 O-O 5. f4 d6 6. Nf3 c5 7. d5 e6 8. Be2 exd5 9. cxd5 Re8 10. e5 dxe5 11. fxe5 Ng4 12. Bg5 Qb6 13. O-O Nxe5 14. d6 Be6 15. Nd5 Qxb2 16. Rb1 Nxf3+ 17. Bxf3 Qd4+ 18. Kh1 Qxd1 19. Rfxd1 Nc6 20. Nc7 Nd4 21. Rxb7 Nxf3 22. gxf3 Bd7 23. Nxa8 Bc6 24. d7 Bxf3+ 25. Kg1 Rf8 26. d8=Q Bxb7 27. Nc7 h6 28. Be7 Rxd8 29.
Rxd8+ Kh7 30. Ne8 Bd4+ 31. Kf1 Ba6+ 32. Ke1 g5 33. Bf6 Bg1 34. Rd7 Bc4 35. Rxa7 Bxh2 36.
Be7 Bg3+ 37. Kd1 Kg6 38. Bd6 Bf2 39. Nc7 g4 40. Ne8 g3 41. Bxg3 Bxg3 42. Nc7 h5 43.
Rb7 h4 44. Rb6+ f6 45. Ne8 Be5 46. Nd6 Bd3 47. Kd2 Bf1 48. Ne4 c4 49. Ke1 Bd3 50. Nc3 Bxc3+ 0-1

[Event "*** Titled Tuesday Blitz"]
[Site "Chess.com"]
[Date "2021.04.06"]
[Round "2"]
[White "ybruned"]
[Black "Trankuilizer"]
[Result "1/2-1/2"]
[WhiteElo "2338"]
[BlackElo "2612"]
[TimeControl "180+1"]
[EndTime "10:18:55 PDT"]
[Termination "Game drawn by repetition"]

1. b3 e5 2. Bb2 d6 3. e3 Nf6 4. d4 exd4 5. Qxd4 Nc6 6. Qd1 g6 7. Nf3 Bg7 8. Be2 O-O 9. O-O a5 10. Nbd2 a4 11. a3 axb3 12. cxb3 Be6 13. b4 Qe7 14.
Qc2 Bf5 15. Bd3 Bxd3 16. Qxd3 Nd7 17. Bxg7 Kxg7 18. Nd4 Nxd4 19. Qxd4+ Qe5 20. Qxe5+ Nxe5 21. Rfc1 c6 22. Ne4 d5 23. Nc5 Ra7 24. a4 Rd8 25. Rd1 Rda8 26. a5 b6 27. Nb3 Nc4 28. axb6 Rxa1 29. Rxa1 Rxa1+ 30. Nxa1 Nxb6 31. Nb3 Nc8 32. Nd4 Na7 33. Kf1 Kf6 34. Ke2 Ke7 35. Kd3 Kd6 36. Kc3 Nc8 37. h3 Nb6 38. f3 h5 39. h4 Nc4 40.
Kd3 Ne5+ 41. Kc3 f5 42. Nb3 Nc4 43. Kd3 Ne5+ 44. Kc3 Nd7 45. Nd4 Nb6 46. Ne2 Nc4 47. Kd3 Ne5+ 48. Kd4 Nd7 49. Nf4 Ne5 50. Ne2 Nd7 51. Nf4 Ne5 52. Ne2 1/2-1/2